AoeStats
← R A P T O R

Black Forest

509413931Analyzed
4v4 RM · 4d ago on Sep 26, 2026· 55m 44s· 8 players
Game mode
Random Map
Map size
Large (8 player)
Population
200
Speed
Normal
Resources
Standard
Victory
Conquest
Starting age
Dark Age
Ending age
Imperial Age
RankedLock teamsTeams togetherTeam positionsShared explorationLock speedFull tech treeHidden civsTurbo modeCheats
Victory
Defeat
🇮🇳 Goths · India
759
+14
🇹🇷 Khitans · Türkiye
688
+16
🇦🇷 Spanish · Argentina
660
+18
🇭🇷 Romans · Croatia
654
+18
🇲🇽 Huns · Mexico
729
-18
🇺🇸 Aztecs · United States
702
-17
🇧🇷 Danes · Brazil
694
-16
🇺🇸 Burgundians · United States
673
-15
Xx-Antrax-Xx44
0:41 Loom
14:15 Feudal Age
24:32 Castle Age
32:56 Treadmill Crane
36:11 Wheelbarrow
35:57 Squires
35:42 Arson
36:29 Eagle Warrior
40:31 Imperial Age
39:25 Forging
39:36 Scale Mail Armor
40:41 Iron Casting
41:49 Conscription
41:35 Atlatl
41:56 Garland Wars
42:10 Chain Mail Armor
44:18 Crossbowman
47:44 Chemistry
47:02 Arbalester
48:07 Ballistics
47:43 Fletching
47:54 Padded Archer Armor
50:07 Elite Jaguar Warrior
51:55 Blast Furnace
51:26 Plate Mail Armor
51:12 Leather Archer Armor
50:53 Bodkin Arrow
50:42 Man-at-Arms
52:20 Long Swordsman
53:49 Two-Handed Swordsman
cjcypher76
1:03 Loom
18:34 Feudal Age
17:47 Double-Bit Axe
17:45 Horse Collar
20:17 Bow Saw
20:10 Heavy Plow
24:21 Castle Age
26:26 Forging
26:16 Scale Mail Armor
35:01 Caravan
37:06 Two-Man Saw
36:40 Crop Rotation
38:15 Iron Casting
37:55 Chain Mail Armor
38:45 Wheelbarrow
43:04 Burgundian Vineyards
inquicidor123
0:41 Loom
12:11 Feudal Age
12:45 Double-Bit Axe
16:12 Wheelbarrow
16:39 Horse Collar
18:50 Fletching
19:01 Gold Mining
19:24 Man-at-Arms
20:33 Scale Barding Armor
25:00 Castle Age
26:22 Forging
28:54 Bow Saw
30:31 Ballistics
32:17 Stone Mining
34:18 Marauders
35:21 Gold Shaft Mining
37:24 Imperial Age
35:47 Chain Barding Armor
36:47 Hand Cart
36:22 Town Watch
36:46 Bodkin Arrow
36:52 Padded Archer Armor
39:55 Chemistry
39:45 Plate Barding Armor
40:35 Atheism
41:09 Cavalier
41:51 Husbandry
45:02 Crossbowman
45:51 Thumb Ring
47:53 Leather Archer Armor
48:53 Bracer
TallMan00
0:29 Loom
13:08 Feudal Age
13:40 Double-Bit Axe
14:41 Wheelbarrow
16:02 Horse Collar
20:13 Town Watch
22:48 Castle Age
21:27 Stone Mining
21:51 Gold Mining
24:04 Bow Saw
24:46 Heavy Plow
26:17 Gold Shaft Mining
28:14 Fervor
32:54 Hand Cart
33:16 Stone Shaft Mining
36:33 Imperial Age
34:29 Bloodlines
34:19 Husbandry
34:51 Ballistics
34:22 Gambesons
34:38 Squires
33:58 Pikeman
33:59 Man-at-Arms
34:24 Arson
36:18 Scale Mail Armor
36:28 Forging
36:09 Fletching
35:41 Hamask
36:57 Masonry
36:47 Elite Varangian Guard
37:52 Conscription
38:33 Bodkin Arrow
38:47 Onager
40:50 Chemistry
39:25 Long Swordsman
Lanyco
1:40 Loom
12:17 Feudal Age
12:40 Horse Collar
12:48 Double-Bit Axe
22:26 Castle Age
21:56 Stone Mining
22:00 Gold Mining
24:22 Bow Saw
24:15 Heavy Plow
24:56 Gold Shaft Mining
25:34 Caravan
30:07 Imperial Age
28:59 Town Watch
29:50 Wheelbarrow
30:38 Forging
30:34 Scale Barding Armor
32:06 Crop Rotation
31:46 Town Patrol
32:32 Iron Casting
32:52 Hand Cart
33:55 Elite Centurion
38:07 Comitatenses
42:33 Blast Furnace
41:54 Chain Barding Armor
46:11 Plate Barding Armor
54:00 Fletching
54:10 Murder Holes
54:26 Masonry
54:37 Ballistics
54:21 Scale Mail Armor
54:21 Padded Archer Armor
R A P T O R
14:30 Feudal Age
14:52 Domestication
15:27 Double-Bit Axe
17:01 Wheelbarrow
17:48 Town Watch
19:54 Gold Mining
21:37 Arson
24:01 Castle Age
25:16 Stone Mining
24:55 Man-at-Arms
25:47 Forging
25:37 Scale Mail Armor
28:13 Pastoralism
28:28 Bow Saw
28:07 Gambesons
28:40 Chain Mail Armor
28:31 Squires
28:34 Husbandry
28:59 Hand Cart
29:06 Pikeman
30:26 Iron Casting
30:44 Fletching
33:31 Town Patrol
34:01 Fortified Wall
34:15 Ballistics
33:39 Treadmill Crane
35:13 Lamellar Armor
37:04 Bodkin Arrow
40:31 Imperial Age
42:59 Conscription
43:45 Plate Mail Armor
42:43 Elite Liao Dao
43:31 Ordo Cavalry
44:33 Transhumance
45:14 Two-Man Saw
46:39 Bracer
46:39 Padded Archer Armor
46:46 Scale Barding Armor
46:53 Caravan
48:18 Chemistry
48:37 Thumb Ring
49:00 Parthian Tactics
50:57 Masonry
51:07 Elite Skirmisher
52:06 Leather Archer Armor
51:15 Elite Fire Lancer
52:51 Ordo Cavalry
Vollenbad
0:30 Loom
18:12 Feudal Age
18:46 Double-Bit Axe
21:39 Wheelbarrow
20:50 Town Watch
21:05 Horse Collar
26:40 Castle Age
27:54 Bow Saw
31:18 Hand Cart
ninjavarier
0:31 Loom
13:54 Feudal Age
17:53 Castle Age
16:27 Double-Bit Axe
19:26 Horse Collar
28:16 Gold Mining
28:17 Stone Mining
32:56 Wheelbarrow
32:30 Scale Mail Armor
32:41 Forging
35:22 Imperial Age
32:59 Squires
33:55 Anarchy
34:23 Chain Mail Armor
34:43 Iron Casting
36:02 Heavy Plow
35:56 Elite Huskarl
37:02 Conscription
37:48 Conscription
38:55 Blast Furnace
39:14 Perfusion
41:40 Pikeman
42:04 Halberdier
Connection lost

Rejoining the realm…

Still unreachable

The connection could not be restored.

Session expired

The server has moved on; the page needs a fresh start.